cohdb
Replays
Latest Replays
All Replays
Popular Replays
Top Player Replays
Match Explorer
How It Works
Community
CoH3 Stats
Reddit
Sign in to upload your games and track your stats! →
Sign in with Steam
Match 41632729
Unlisted
Match 41632729
Overview
Messages
Build Orders
End
Construct Infanterie Kompanie
Selects Breakthrough Battlegroup
Selects Assault Grenadiers
Grenadier Squad
Grenadier Squad
Grenadier Squad
Selects 2.5-tonne Cargo Truck
2.5-tonne Cargo Truck
Infanterie Officer Quarters
Grenadier Squad
Grenadier Squad
Grenadier Squad
Construct Panzergrenadier Kompanie
Selects Blitzkrieg
Support Elements
Pioneer Squad
StuG III G Assault Gun
StuG III G Assault Gun
Selects Smoke Bombing Run
Smoke Bombing Run
StuG III G Assault Gun
MG 42 Bunker
Repair Bunker
Smoke Bombing Run
Smoke Bombing Run
Selects Tiger Heavy Tank
Tiger Heavy Tank
Selects Incendiary Bombing Run
Side Skirts
Blitzkrieg
Pioneer Squad
Construct Panzer Kompanie
Blitzkrieg
Panzer IV Medium Tank
Smoke Bombing Run
Panzer IV Medium Tank
Medical Bunker
Pioneer Squad
GrW 34 Mortar Team
Incendiary Bombing Run
Blitzkrieg
Stoßtruppen Squad
Construct Luftwaffe Kompanie
Stoßtruppen Squad
Marder III M Tank Destroyer
Dante Alighieri
Delta™
vsatanner
Tok3n x Operator
TechT0nic
MonoChrome
0
0
Comments
sign in to comment!
No comments posted yet!